 Dungeon Crawl Stone Soup version 0.28.0 (webtiles) character file.

Game seed: 17274579626294958184

52 pkoi the Chiller (level 3, -2/25 (26) HPs)
             Began as a Draconian Ice Elementalist on Feb 17, 2022.
             Slain by Grinder (4 damage)
             ... on level 3 of the Dungeon.
             The game lasted 00:02:26 (2488 turns).

pkoi the Chiller (Draconian Ice Elementalist)       Turns: 2488, Time: 00:02:26

HP:   -2/25 (26)    AC:  5    Str: 10    XL:     3   Next: 60%
MP:   3/6           EV: 12    Int: 17    God:
Gold: 78            SH:  0    Dex: 11    Spells: 2/6 levels left

rFire   . . .      SeeInvis .   g - +2 dagger (venom)
rCold   . . .      Faith    .   (no shield)
rNeg    . . .      Spirit   .   (armour unavailable)
rPois   .          Reflect  .   (helmet restricted)
rElec   .          Harm     .   (no cloak)
rCorr   .          Rampage  .   (no gloves)
Will    .....                   (no boots)
Stlth   ++........              (no amulet)
HPRegen 0.08/turn               d - ring of flight
MPRegen 0.10/turn               (no ring)

@: mighty, freezing walls, flying, lightly drained
A: AC +5, unfitting armour, cold-blooded
a: no special abilities


You were on level 3 of the Dungeon.
You visited 1 branch of the dungeon, and saw 3 of its levels.

You collected 78 gold pieces.

Inventory:

Hand Weapons
 a - a +0 dagger
 g - a +2 dagger of venom (weapon)
Jewellery
 d - a ring of flight (left hand)
Scrolls
 b - a scroll of teleportation {unknown}
 e - 5 scrolls of identify {unknown}
 f - a scroll of fear {unknown}


   Skills:
 - Level 1.7 Dodging
 - Level 1.7 Stealth
 - Level 2.0 Spellcasting
 + Level 5.4 Ice Magic


You had 2 spell levels left.
You knew the following spells:

 Your Spells              Type           Power      Damage    Failure   Level
a - Freeze                Ice            80%        1d9       2%          1
b - Frozen Ramparts       Ice            40%        1d6       6%          3

Your spell library contained the following spells:

 Spells                   Type           Power      Damage    Failure   Level
 Ozocubu's Armour         Ice            20%        N/A       6%          3
 Hailstorm                Conj/Ice       10%        3d5       54%         4


Dungeon Overview and Level Annotations

Branches:
Dungeon (3/15)

Altars:

Annotations:
D:3 Grinder


Innate Abilities, Weirdness & Mutations

Your plain brown scales are hard. (AC +5)
You cannot fit into any form of body armour.
You are cold-blooded and may be slowed by cold attacks.


Message History

Grinder hits you.
You writhe in agony.
* * * LOW HITPOINT WARNING * * *
Grinder completely resists.
The wall freezes Grinder but does no damage.
Grinder hits you.
* * * LOW HITPOINT WARNING * * *
You writhe in agony.
* * * LOW HITPOINT WARNING * * *
Grinder completely resists.
The wall freezes Grinder but does no damage.
Grinder hits you.
* * * LOW HITPOINT WARNING * * *
You writhe in agony.
* * * LOW HITPOINT WARNING * * *
You can move again.
Unknown command.
You closely miss Grinder.
Grinder is lightly wounded.
Grinder completely resists.
The wall freezes Grinder but does no damage.
Grinder hits you but does no damage.
You hit Grinder.
Grinder is lightly wounded.
Grinder completely resists.
The wall freezes Grinder but does no damage.
Grinder hits you.
* * * LOW HITPOINT WARNING * * *
You writhe in agony.
* * * LOW HITPOINT WARNING * * *
It was a potion of might.
You feel very mighty all of a sudden.
Grinder completely resists.
The wall freezes Grinder but does no damage.
Grinder hits you but does no damage.
You hit Grinder.
Grinder is poisoned.
Grinder is lightly wounded.
Grinder completely resists.
The wall freezes Grinder but does no damage.
Grinder hits you.
You die...

#.#.#...####
#######.#.#####
#.......#.#
###.#######.#
#....#.#.....#.#
#.##.#.#.###.#.#
#.##.#.#..<#.#.#
#.##.#.#####.#.#
#.##.#.....#@..###
#.##.#.....5.....#
#.##.'...........#
#...##...........#
#.#.##...........#
...5....##############
###.#.### .....#
.......


You could see Grinder (very poisoned).

Vanquished Creatures
  A dart slug (D:1)
  2 bats (D:1)
  3 endoplasms (D:1)
  2 giant cockroaches
  8 goblins
  8 hobgoblins
  4 quokkas
  3 ball pythons (D:1)
  2 frilled lizards
  2 kobolds
  6 rats
  A spectral hobgoblin (D:2)
42 creatures vanquished.

Notes
Turn   | Place    | Note
-------+----------+-------------------------------------------
     0 | D:1      | pkoi the Draconian Ice Elementalist began the quest for the
                  | Orb.
     0 | D:1      | Reached XP level 1. HP: 14/14 MP: 3/3
   126 | D:1      | Reached XP level 2. HP: 11/20 MP: 5/5
   136 | D:1      | HP: 1/20 [frozen (4)]
  1114 | D:1      | Reached skill level 5 in Ice Magic
  1118 | D:1      | Reached XP level 3. HP: 4/26 MP: 0/6
  1855 | D:2      | Found a faded altar of an unknown god.
  2431 | D:3      | Noticed Grinder
  2467 | D:2      | Learned a level 3 spell: Frozen Ramparts
  2480 | D:3      | Paralysed by Grinder for 5 turns
  2488 | D:3      | Slain by Grinder

Illustrated notes

Levels and vault maps discovered:
D:1:      minmay_arrival_solitary_statue, layout_rooms
D:2:      layout_basic, dreamdust_ecumenical_altar_drowned_temple,
          grunt_ministairs_11
D:3:      minmay_spotlight, layout_basic, demons_altar, uniq_grinder

Skill      XL: |  1  2 |
---------------+-------+-----
Ice Magic      | 5 |  5.4
Dodging        | |  1.7
Stealth        | |  1.7
Spellcasting   | |  2.0

Action                   || total
-------------------------++-------
Melee: Dagger            ||    68
       Tailslap          ||     6
       Unarmed           ||     1
       Punch             ||     1
 Cast: Freeze            ||    45
       Frozen Ramparts   ||     1
  Use: Potion            ||     1
 Stab: Sleeping          ||     2
Armor: Skin              ||    32
Dodge: Dodged            ||    81
